Map: Cité émeraude EC

Players

casper

  • Race: Zerg Zerg
  • League: Platinum
  • Spawn Location: 11:00

OinksMoped

  • Race: Zerg Zerg
  • League: Platinum
  • Spawn Location: 11:00

ctarksed

  • Race: Protoss Protoss
  • League: Silver
  • Spawn Location: 5:00

Sorandom

  • Race: Zerg Zerg
  • League: Diamond
  • Spawn Location: 5:00

VOD

Have the link to the VOD?

Description

Time

  • Played on: April 7, 2019, 7:23 p.m.
  • Length: 19:51
Show
View Real Time Build Order
Export as new Build Order

casper Zerg 

Build Orders: Pool First 

Get SALT Encoding   

  12  0:01  Drone  
  13  0:23  Spawning Pool  
  13  0:26  Drone  
  13  0:30  Extractor  
  13  0:33  Drone  
  13  0:41  Overlord  
  13  0:47  Drone  
  14  1:09  Zergling x2  
  14  1:10  Zergling x2  
  14  1:11  Zergling x2  
  17  1:15  Queen  
  19  1:29  Drone  
  19  1:31  Metabolic Boost  
  20  1:40  Overlord  
  20  1:44  Drone  
  21  1:57  Zergling x2  
  22  2:19  Zergling x2  
  22  2:20  Zergling x2  
  21  2:27  Zergling x2  
  21  2:28  Zergling x4  
  24  2:32  Zergling x2  
  25  2:40  Zergling x2  
  26  2:50  Zergling x2  
  27  2:56  Overlord  
  27  2:57  Zergling x2  
  27  2:58  Zergling x2  
  29  3:02  Hatchery  
  29  3:03  Zergling x2  
  29  3:26  Drone x2  
  31  3:32  Drone x3  
  23  3:57  Drone  
  23  3:58  Drone  
  23  4:02  Roach Warren  
  23  4:15  Extractor  
  22  4:17  Queen  
  22  4:20  Drone  
  22  4:22  Drone x2  
  22  4:23  Drone x2  
  29  4:42  Roach x2  
  29  4:43  Roach  
  29  4:44  Lair  
  35  4:46  Drone x3  
  35  4:49  Overlord  
  38  4:59  Drone  
  39  5:04  Drone x3  
  42  5:09  Evolution Chamber  
  42  5:13  Drone x2  
  43  5:19  Overlord  
  43  5:21  Drone  
  43  5:27  Roach x2  
  43  5:28  Roach x2  
  52  5:33  Spore Crawler  
  51  5:37  Spore Crawler  
  51  5:39  Zerg Missile Weapons Level 1  
  51  5:41  Drone  
  51  5:45  Overseer  
  51  5:53  Roach x3  
  58  5:57  Drone x3  
  58  5:59  Extractor  
  58  6:02  Overlord  
  59  6:11  Drone  
  60  6:12  Overlord  
  60  6:34  Hydralisk Den  
  60  6:37  Drone x4  
  60  6:38  Drone  
  64  6:44  Extractor  
  64  6:54  Drone x3  
  64  6:58  Drone x2  
  68  7:06  Grooved Spines  
  68  7:10  Hydralisk x3  
  68  7:13  Hatchery  
  68  7:15  Spore Crawler  
  72  7:20  Spore Crawler  
  71  7:29  Drone  
  72  7:30  Drone x2  
  72  7:31  Hydralisk  
  72  7:33  Overlord x3  
  72  7:35  Zerg Missile Weapons Level 2  
  76  7:51  Hydralisk x3, Drone  
  83  8:04  Overlord x3  
  83  8:08  Hydralisk x2  
  87  8:17  Muscular Augments  
  87  8:20  Spore Crawler  
  87  8:25  Overseer  
  86  8:28  Hydralisk x3  
  86  8:29  Hydralisk  
  86  8:31  Glial Reconstitution  
  94  8:35  Roach x3  
  100  8:42  Infestation Pit  
  99  9:04  Queen  
  99  9:06  Drone  
  99  9:07  Drone x2  
  96  9:35  Drone  
  96  9:36  Drone x5  
  96  9:37  Drone  
  103  9:44  Ravager  
  102  9:51  Drone x2  
  104  9:55  Spore Crawler  
  103  10:01  Drone x5  
  103  10:02  Drone x4  
  103  10:04  Hive  
  112  10:11  Spore Crawler  
  111  10:15  Spore Crawler  
  111  10:16  Drone x2  
  111  10:17  Drone x2  
  111  10:20  Spine Crawler  
  113  10:24  Hydralisk x2  
  113  10:25  Hydralisk x2  
  121  10:28  Zerg Ground Armor Level 1  
  121  10:29  Overlord  
  121  10:36  Spore Crawler  
  121  10:38  Spore Crawler  
  121  10:42  Spine Crawler x2  
  117  10:44  Spore Crawler  
  117  10:46  Drone  
  117  10:47  Drone x4  
  121  10:58  Hydralisk x4  
  121  11:01  Hatchery  
  121  11:03  Zergling x4  
  130  11:04  Overlord  
  130  11:05  Overlord  
  130  11:07  Overlord  
  130  11:14  Extractor  
  130  11:16  Extractor  
  128  11:23  Overseer  
  126  11:31  Drone, Spore Crawler  
  126  11:32  Drone x3  
  129  11:39  Viper x3  
  138  11:49  Overlord x2  
  138  11:53  Zergling x10  
  138  11:54  Zergling x6  
  145  11:55  Overlord x3  
  146  12:12  Drone x3  
  146  12:13  Drone x5  
  146  12:14  Queen  
  156  12:17  Drone  
  157  12:29  Zergling x10  
  162  12:35  Zerg Missile Weapons Level 3  
  162  12:53  Hydralisk x4  
  162  12:54  Hydralisk x6  
  162  12:55  Hydralisk  
  184  13:06  Drone x2  
  184  13:09  Spore Crawler  
  184  13:10  Spore Crawler  
  184  13:18  Spore Crawler x2  
  182  13:20  Spore Crawler  
  182  13:22  Spore Crawler x3  
  178  13:27  Spine Crawler  
  178  13:28  Spine Crawler x2  
  178  13:29  Spine Crawler  
  178  13:30  Spine Crawler  
  178  13:31  Spine Crawler  
  178  13:32  Drone x4  
  178  13:33  Drone  
  177  13:59  Burrow  
  176  14:11  Extractor x2  
  176  14:13  Drone x3  
  176  14:14  Drone x6  
  176  14:15  Hatchery, Drone x4  
  186  14:32  Adrenal Glands  
  186  14:34  Zergling x4  
  188  15:08  Hatchery  
  187  15:33  Overlord x2  
  187  15:34  Overlord  
  187  15:39  Hatchery  
  187  15:40  Drone x3  
  187  15:41  Drone x2  
  187  15:42  Overlord x2  
  191  15:43  Overlord  
  161  16:35  Spore Crawler  
  161  16:37  Spore Crawler  
  161  16:39  Spore Crawler  
  158  16:40  Spore Crawler  
  126  17:00  Roach x2  
  126  17:01  Roach x6  
  110  17:02  Roach x4  
  105  17:12  Zergling x8  
  105  17:13  Zergling x6  
  112  17:16  Zerg Melee Weapons Level 1  
  112  17:21  Spire  
  73  17:58  Zergling x8  
  63  17:59  Zergling x4  
  63  18:00  Hydralisk x2  
  63  18:01  Hydralisk x7  
  63  18:02  Hydralisk x3  
  86  18:25  Zergling x6  
  86  18:26  Zergling x6  
  92  18:41  Hatchery  
  92  18:44  Zergling x2  
  92  18:45  Zergling x10  
  92  18:46  Zergling x10  
  102  19:15  Spore Crawler  
  102  19:16  Spine Crawler, Spore Crawler  
  99  19:17  Spine Crawler  
  99  19:18  Hydralisk, Spore Crawler  
  99  19:19  Spine Crawler, Hydralisk x5  
  99  19:20  Spine Crawler, Hydralisk x6  
  99  19:21  Hydralisk x2  
  99  19:22  Spine Crawler x2  
  99  19:23  Spine Crawler x2  
  119  19:24  Spine Crawler  
  119  19:25  Spine Crawler  
Show
View Real Time Build Order
Export as new Build Order

OinksMoped Zerg 

Build Orders: Pool First, Lurkers 

Get SALT Encoding   

  12  0:02  Drone  
  13  0:08  Drone  
  14  0:31  Spawning Pool  
  14  0:32  Drone  
  14  0:56  Hatchery  
  13  1:07  Drone  
  13  1:09  Overlord  
  14  1:26  Extractor  
  14  1:27  Zergling x2  
  14  1:30  Queen  
  14  1:32  Drone  
  17  1:33  Drone  
  18  1:52  Drone x2  
  20  2:03  Drone  
  21  2:12  Queen, Drone  
  24  2:16  Drone  
  25  2:41  Overlord  
  25  2:43  Lair  
  25  2:46  Drone x3  
  28  2:55  Overlord  
  28  3:00  Extractor  
  28  3:03  Drone  
  28  3:04  Drone x3  
  31  3:10  Baneling Nest  
  30  3:13  Drone x2  
  30  3:15  Drone  
  33  3:23  Zergling x4  
  35  3:30  Drone x4  
  39  3:35  Overlord  
  39  3:44  Hydralisk Den  
  38  3:51  Drone x2  
  41  3:55  Drone x2  
  41  3:59  Baneling  
  41  4:00  Baneling x3  
  42  4:03  Drone  
  42  4:04  Drone x2  
  42  4:06  Extractor  
  42  4:08  Extractor  
  43  4:10  Spore Crawler  
  43  4:12  Spore Crawler  
  43  4:16  Spore Crawler  
  40  4:21  Lurker Den  
  40  4:22  Drone x2  
  41  4:26  Drone x2  
  41  4:29  Drone  
  44  4:41  Drone x2  
  44  4:42  Drone  
  44  4:43  Drone x2  
  44  4:44  Drone  
  50  4:49  Centrifical Hooks  
  50  5:13  Drone x2  
  52  5:18  Hatchery  
  52  5:20  Overlord, Hatchery  
  50  5:21  Overlord  
  50  5:23  Overlord  
  50  5:27  Zergling x2  
  50  5:28  Zergling x2  
  52  5:38  Queen  
  54  5:43  Hydralisk  
  54  5:44  Hydralisk x2  
  54  5:46  Hydralisk  
  62  5:50  Baneling x4  
  62  6:21  Lurker x3  
  62  6:23  Hydralisk x3  
  62  6:24  Hydralisk x2  
  75  6:27  Lurker  
  76  6:45  Queen  
  76  6:46  Drone x2  
  80  6:48  Queen  
  80  6:49  Drone x2  
  80  6:52  Drone x3  
  80  6:53  Drone  
  88  7:00  Overlord x3  
  88  7:01  Overlord x2  
  88  7:06  Spire  
  87  7:11  Infestation Pit  
  87  7:12  Spore Crawler  
  85  7:15  Drone  
  85  7:16  Spore Crawler, Drone  
  85  7:20  Drone  
  85  7:21  Drone  
  88  7:23  Drone x3  
  88  7:28  Extractor  
  90  7:31  Extractor, Drone x3  
  90  7:33  Drone x3  
  95  7:41  Hydralisk  
  95  7:42  Hydralisk x2  
  101  7:47  Lurker x2  
  101  7:48  Lurker x3  
  106  7:56  Grooved Spines  
  106  7:59  Extractor  
  106  8:00  Extractor  
  106  8:01  Drone x2  
  106  8:02  Drone  
  107  8:08  Drone x3  
  110  8:14  Drone  
  110  8:19  Spore Crawler x2  
  108  8:21  Spore Crawler  
  107  8:28  Corruptor  
  107  8:29  Corruptor x4  
  107  8:32  Corruptor  
  119  8:38  Drone x3  
  119  8:39  Drone  
  118  8:52  Corruptor  
  118  8:53  Corruptor  
  122  9:02  Spore Crawler  
  118  9:26  Corruptor  
  118  9:27  Corruptor x4  
  118  9:31  Overlord x6  
  128  9:47  Overlord x3  
  128  9:50  Hive  
  128  10:00  Spire  
  127  10:08  Corruptor x3  
  127  10:09  Corruptor x5  
  143  10:15  Drone  
  143  10:16  Drone x2  
  143  10:17  Drone  
  143  10:18  Drone x2  
  149  10:23  Spore Crawler  
  149  10:24  Spore Crawler  
  147  10:30  Spore Crawler  
  146  10:39  Pneumatized Carapace  
  146  10:44  Drone x4  
  150  10:52  Corruptor x2  
  150  10:55  Corruptor  
  150  10:56  Corruptor x3  
  162  10:59  Corruptor  
  162  11:01  Corruptor  
  166  11:16  Greater Spire  
  166  11:18  Zerg Flyer Weapons Level 1  
  166  11:19  Adaptive Talons, Muscular Augments  
  166  11:22  Metabolic Boost  
  166  12:20  Corruptor x4  
  174  12:24  Corruptor x3  
  174  12:27  Hatchery  
  179  12:40  Corruptor x4  
  179  12:41  Corruptor x3  
  193  12:49  Zerg Flyer Armor Level 1  
  193  12:56  Evolution Chamber x2  
  193  12:57  Evolution Chamber  
  193  12:58  Overlord x4  
  190  12:59  Overlord x2  
  190  13:02  Overseer  
  190  13:03  Overseer x4  
  190  13:36  Lurker x2  
  189  14:04  Spore Crawler  
  189  14:05  Drone x3  
  189  14:08  Queen  
  189  14:09  Drone x3  
  196  14:27  Spore Crawler  
  196  14:28  Spore Crawler  
  196  14:30  Extractor x2  
  192  14:32  Spore Crawler x2  
  190  14:55  Brood Lord x5  
  200  15:01  Zerg Melee Weapons Level 1  
  200  15:02  Zerg Missile Weapons Level 1  
  200  15:04  Zerg Ground Armor Level 1  
  200  15:05  Zerg Flyer Weapons Level 2  
  200  15:06  Zerg Flyer Armor Level 2  
  200  15:11  Overlord x3  
  200  15:12  Overlord x3  
  200  15:16  Overseer  
  200  15:17  Overseer x3  
  119  16:13  Hydralisk x3  
  119  16:14  Hydralisk x4  
  119  16:15  Corruptor x5  
  119  16:16  Corruptor x6  
  119  16:17  Corruptor  
  157  16:23  Corruptor x6  
  157  16:24  Corruptor  
  171  16:48  Spine Crawler  
  171  16:49  Spore Crawler  
  171  16:53  Spore Crawler x2  
  167  16:56  Spine Crawler  
  167  16:58  Spine Crawler  
  165  17:02  Drone x3  
  162  17:25  Lurker x5  
  162  17:26  Lurker x2  
  162  17:27  Hydralisk x3  
  162  17:28  Hydralisk x2  
  179  17:34  Brood Lord  
  179  17:35  Brood Lord  
  179  17:36  Brood Lord  
  185  17:38  Brood Lord  
  185  17:44  Spine Crawler  
  186  17:47  Spine Crawler  
  186  17:50  Spine Crawler  
  184  17:54  Drone x2  
  184  17:55  Drone  
  184  17:57  Drone x3  
  184  17:58  Drone  
  191  18:09  Lurker x5  
Show
View Real Time Build Order
Export as new Build Order

ctarksed Protoss 

Build Orders: Carriers 

Get SALT Encoding   

  12  0:01  Probe  
  13  0:14  Probe  
  14  0:19  Pylon  
  14  0:26  Probe  
  15  0:34  Probe  
  15  0:42  Probe  
  17  0:52  Gateway, Probe  
  18  1:04  Probe, Assimilator  
  19  1:16  Probe  
  20  1:28  Probe  
  21  1:33  Gateway  
  21  1:40  Zealot  
  23  1:49  Cybernetics Core  
  23  1:52  Forge  
  22  1:54  Pylon  
  22  2:07  Zealot  
  22  2:10  Pylon  
  26  2:27  Stalker  
  26  2:35  Stalker  
  28  2:41  Assimilator  
  28  2:45  Pylon  
  28  2:54  Twilight Council  
  28  3:28  Stalker  
  28  3:30  Stalker  
  28  3:31  Nexus  
  32  4:11  Stalker x2  
  32  4:13  Warp Gate  
  36  4:23  Assimilator  
  36  4:29  Assimilator  
  36  4:31  Pylon  
  36  4:33  Pylon  
  36  4:40  Robotics Facility  
  36  4:48  Gateway  
  36  5:13  Blink, Protoss Ground Weapons Level 1  
  36  5:17  Probe x2  
  38  5:29  Probe x2  
  40  5:41  Probe x2  
  42  5:46  Warp Prism  
  44  6:00  Probe x2  
  46  6:12  Probe x2  
  48  6:36  Probe x2  
  50  6:48  Observer, Probe x2  
  53  7:03  Robotics Facility  
  53  7:09  Observer  
  53  7:14  Gateway  
  54  7:15  Gateway  
  54  7:18  Gateway  
  54  7:21  Pylon  
  54  7:24  Pylon  
  54  7:26  Dark Shrine  
  54  7:31  Observer  
  54  7:35  Probe x2  
  57  7:47  Probe x2  
  59  7:53  Immortal  
  59  7:54  Immortal  
  67  8:17  Zealot x2  
  67  8:18  Zealot x2  
  75  8:27  Pylon  
  75  8:29  Pylon  
  75  8:33  Immortal  
  79  8:37  Pylon  
  79  9:03  Dark Templar x5  
  79  9:04  Dark Templar  
  69  9:25  Immortal x2  
  77  9:38  Stargate x2  
  77  10:01  Nexus  
  77  10:02  Charge  
  77  10:04  Pylon  
  77  10:07  Pylon  
  77  10:21  Protoss Ground Weapons Level 2, Protoss Air Weapons Level 1  
  77  10:32  Assimilator  
  77  10:35  Void Ray x2, Assimilator  
  85  10:48  Fleet Beacon  
  85  11:13  Probe x3  
  88  11:25  Probe x3  
  91  11:32  Carrier x2  
  103  11:37  Probe x3  
  106  11:45  Cybernetics Core  
  106  11:57  Stalker x3  
  112  12:21  Probe x3  
  115  12:33  Probe x3  
  118  12:39  Carrier x2  
  130  12:52  Protoss Shields Level 1  
  130  13:35  Carrier x2  
  130  13:41  Nexus  
  130  13:42  Pylon  
  130  13:45  Pylon  
  141  14:16  Protoss Air Weapons Level 2  
  141  14:25  Protoss Air Armor Level 1  
  141  14:37  Nexus  
  141  14:39  Pylon  
  141  14:40  Pylon  
  141  14:42  Carrier  
  141  14:47  Carrier  
  153  15:13  Protoss Shields Level 2  
  153  15:27  Photon Cannon  
  153  15:29  Photon Cannon  
  153  15:31  Photon Cannon  
  153  15:32  Photon Cannon  
  153  15:33  Photon Cannon  
  153  15:36  Photon Cannon  
  145  15:46  Carrier  
  125  15:52  Carrier  
  89  16:21  Probe x2  
  89  16:22  Probe x2  
  93  16:33  Probe x2  
  93  16:34  Probe x2  
  97  16:45  Probe x2  
  97  16:46  Probe x2  
  101  16:51  Carrier  
  107  16:56  Carrier  
  107  16:58  Probe x3  
  116  17:53  Stargate  
  116  17:55  Stargate, Carrier  
  116  17:58  Stargate  
  122  18:00  Carrier  
  128  18:11  Assimilator  
  128  18:16  Assimilator  
Show
View Real Time Build Order
Export as new Build Order

Sorandom Zerg 

Build Orders: Pool First 

Get SALT Encoding   

  12  0:01  Drone  
  13  0:13  Overlord  
  13  0:17  Drone  
  14  0:32  Drone  
  14  0:33  Drone  
  17  0:35  Drone  
  17  0:46  Spawning Pool  
  17  0:50  Drone  
  17  1:13  Hatchery  
  16  1:19  Extractor, Drone  
  16  1:20  Drone  
  16  1:24  Drone  
  18  1:34  Queen  
  18  1:39  Drone  
  21  1:46  Overlord  
  21  1:55  Spine Crawler  
  21  1:58  Zergling x2  
  21  2:04  Zergling x2  
  22  2:20  Drone  
  23  2:26  Drone x2  
  25  2:33  Queen  
  25  2:35  Drone  
  28  2:39  Drone  
  29  2:46  Drone  
  29  2:50  Drone  
  31  2:55  Drone x3  
  34  3:00  Overlord  
  34  3:09  Drone x2  
  34  3:10  Overlord  
  36  3:20  Lair  
  36  3:24  Queen  
  38  3:37  Drone x4  
  42  3:45  Zergling x2  
  42  3:46  Zergling x8  
  43  3:53  Baneling Nest  
  31  4:05  Drone x4  
  35  4:17  Drone  
  35  4:18  Drone x2  
  35  4:20  Metabolic Boost  
  39  4:31  Drone x4  
  39  4:34  Extractor  
  39  4:38  Baneling x4  
  41  4:45  Drone x4  
  45  4:52  Extractor  
  44  4:54  Drone  
  44  4:55  Extractor, Drone x2  
  46  5:02  Spine Crawler, Drone x2  
  47  5:07  Drone  
  47  5:08  Drone  
  47  5:12  Overseer  
  49  5:17  Drone  
  49  5:18  Drone x2  
  52  5:24  Overlord x2  
  52  5:36  Spire  
  52  5:39  Drone  
  52  5:41  Overlord x2  
  52  5:46  Drone  
  52  5:47  Drone  
  54  6:06  Evolution Chamber x2  
  52  6:30  Hatchery  
  52  6:32  Overseer  
  51  6:45  Spore Crawler  
  50  6:47  Mutalisk x7  
  64  6:56  Queen  
  64  7:00  Mutalisk  
  68  7:11  Zerg Flyer Weapons Level 1  
  68  7:14  Mutalisk  
  70  7:18  Zergling x4  
  72  7:25  Overseer  
  72  7:27  Mutalisk  
  72  7:29  Drone x2  
  76  7:32  Overlord x7  
  76  7:53  Mutalisk x2  
  80  7:58  Drone  
  80  7:59  Drone x4  
  85  8:07  Mutalisk x2  
  85  8:11  Spore Crawler  
  88  8:13  Spine Crawler, Drone x3  
  90  8:20  Drone x5  
  95  8:28  Mutalisk x2  
  95  8:32  Drone  
  100  8:55  Mutalisk  
  96  9:05  Mutalisk, Zerg Flyer Armor Level 1  
  98  9:22  Zergling x24  
  110  9:33  Roach Warren  
  110  9:37  Hydralisk Den, Zergling x8  
  112  9:39  Infestation Pit  
  111  9:48  Mutalisk x3  
  115  9:55  Extractor  
  115  9:56  Extractor  
  113  10:06  Queen x3  
  119  10:11  Drone x3  
  119  10:12  Drone x3  
  125  10:15  Hatchery  
  125  10:19  Mutalisk  
  125  10:20  Mutalisk x2  
  129  10:21  Drone  
  129  10:22  Overlord, Drone x2  
  129  10:23  Overlord x2  
  129  10:28  Baneling x10  
  132  10:33  Overlord  
  132  10:47  Zergling x2  
  132  10:48  Zergling x10  
  138  10:52  Hydralisk  
  140  10:57  Hive  
  140  11:00  Zerg Flyer Weapons Level 2  
  140  11:05  Zergling x6  
  140  11:06  Zergling x8  
  140  11:09  Zerg Melee Weapons Level 1  
  147  11:41  Hydralisk x11  
  147  11:46  Zerg Ground Armor Level 1  
  165  12:07  Hydralisk x5  
  175  12:12  Overlord, Drone  
  175  12:13  Overlord x3  
  176  12:37  Extractor  
  176  12:39  Extractor  
  176  12:40  Ultralisk Cavern  
  176  12:43  Lurker Den  
  172  12:48  Ultralisk Cavern  
  171  13:34  Zerg Melee Weapons Level 2  
  171  13:36  Grooved Spines  
  171  13:40  Baneling x8  
  171  13:41  Viper  
  171  13:42  Viper  
  171  13:45  Chitinous Plating  
  171  13:47  Ultralisk  
  183  13:56  Drone x3  
  183  13:58  Drone x3  
  195  14:17  Ultralisk  
  195  14:18  Hydralisk x2  
  199  14:27  Baneling x8  
  199  14:28  Baneling x5  
  199  14:29  Baneling  
  199  14:53  Overseer x4  
  199  14:57  Zerg Missile Weapons Level 1  
  199  15:04  Anabolic Synthesis  
  176  15:50  Zerg Ground Armor Level 2  
  176  15:54  Hydralisk x2  
  176  15:55  Hydralisk x13  
  192  16:05  Zerg Flyer Armor Level 2  
  192  16:06  Mutalisk x2  
  192  16:08  Muscular Augments  
  196  16:17  Zergling x12  
  190  16:39  Zergling x16  
  199  16:40  Zergling x2  
  145  16:57  Zergling x16  
  131  17:02  Ultralisk  
  131  17:03  Ultralisk x3  
  131  17:05  Zerg Missile Weapons Level 2  
  155  17:13  Zergling x2  
  155  17:14  Zergling x6  
  159  17:31  Hatchery  
  144  17:40  Zergling x16  
  143  17:46  Zergling x8  
  145  17:52  Hydralisk x3  
  149  18:05  Hydralisk  
  149  18:06  Hydralisk x4  
  158  18:36  Baneling  
  158  18:37  Baneling x19  
  158  18:38  Spine Crawler, Baneling x4  
  158  18:40  Spine Crawler  
  156  18:42  Spore Crawler  
  155  19:03  Zergling x12  
  108  19:26  Zergling x2  
  108  19:27  Zergling x12  
Tags
 
Add a new tag
Caveats
  • Supply blocks, unpowered buildings, or Contaminate may cause inaccurate times.
  • Supply counts are checked every 10 seconds.